Map: Thunderbird LE

Players

soul

  • Race: Terran Terran
  • League: Grandmaster
  • Spawn Location: 11:00

Zanster - Winner!

  • Race: Zerg Zerg
  • Spawn Location: 5:00

Event: HomeStory Cup XIX

VOD

Have the link to the VOD?

Description

Time

  • Played on: June 28, 2019, 1 p.m.
  • Length: 20:11

All games in this series

Show
View Real Time Build Order
Export as new Build Order

soul Terran 

Build Orders: Gas First Reaper Expand, Hellion Banshee 

Get SALT Encoding   

  12  0:00  SCV  
  13  0:13  SCV  
  14  0:17  Supply Depot  
  14  0:25  SCV  
  14  0:27  Refinery  
  15  0:39  SCV  
  16  0:44  Barracks  
  16  0:51  SCV  
  17  1:03  SCV  
  18  1:15  SCV  
  19  1:31  Orbital Command, Reaper  
  20  1:44  Command Center  
  20  1:54  Factory  
  20  1:59  SCV  
  21  2:06  Barracks Reactor  
  21  2:12  SCV  
  21  2:14  Supply Depot  
  21  2:15  Refinery  
  22  2:24  SCV  
  23  2:36  SCV  
  24  2:41  Starport  
  24  2:48  SCV  
  24  2:49  Hellion x2  
  29  2:57  Orbital Command  
  29  2:59  Barracks Tech Lab  
  29  3:00  SCV  
  30  3:10  Hellion  
  30  3:11  Hellion  
  34  3:15  SCV  
  35  3:24  SCV  
  35  3:26  Supply Depot  
  36  3:27  SCV  
  36  3:30  Banshee  
  40  3:35  Cloaking Field  
  40  3:38  SCV  
  40  3:39  Marine  
  42  3:41  SCV  
  42  3:45  Hellion  
  47  3:48  Hellion  
  47  3:51  SCV  
  47  3:53  Supply Depot  
  48  3:56  SCV  
  48  4:00  Barracks Tech Lab  
  49  4:03  SCV  
  49  4:08  SCV  
  51  4:13  Banshee  
  51  4:15  SCV  
  55  4:18  Marine  
  55  4:19  Stimpack  
  55  4:20  SCV  
  57  4:27  SCV  
  58  4:31  Command Center  
  58  4:36  Marine  
  59  4:39  Supply Depot  
  59  4:40  SCV  
  58  4:52  SCV  
  58  4:54  Marine  
  58  4:58  SCV  
  60  5:05  SCV  
  57  5:10  Starport Reactor  
  57  5:12  Marine, SCV  
  53  5:16  Siege Tank  
  53  5:18  SCV  
  57  5:23  Barracks x2  
  57  5:24  Barracks, Bunker, Engineering Bay  
  57  5:25  Barracks  
  57  5:26  SCV  
  57  5:27  Bunker  
  55  5:29  Marine  
  55  5:32  Bunker, Engineering Bay  
  56  5:41  SCV  
  57  5:45  Orbital Command, Supply Depot  
  57  5:47  Marine  
  57  5:48  Siege Tank, SCV  
  62  5:55  SCV  
  61  6:00  SCV  
  58  6:05  Marine  
  58  6:07  SCV  
  58  6:12  SCV  
  58  6:14  Barracks Reactor x3  
  58  6:17  Orbital Command  
  57  6:18  Terran Infantry Weapons Level 1, Terran Infantry Armor Level 1  
  57  6:19  SCV  
  57  6:22  Refinery  
  57  6:23  Marine x2  
  57  6:24  Refinery, SCV  
  60  6:27  Barracks Reactor  
  60  6:31  SCV  
  60  6:32  Combat Shield  
  61  6:36  SCV  
  62  6:41  Marine  
  62  6:42  SCV  
  62  6:43  SCV  
  62  6:45  Supply Depot  
  65  6:47  Barracks Reactor, Supply Depot  
  65  6:48  SCV  
  65  6:50  Marine x2  
  65  6:53  Marine x2  
  70  6:54  SCV  
  70  6:56  SCV  
  70  6:59  Marine, Supply Depot  
  70  7:00  SCV, Medivac  
  76  7:02  Marine, Medivac  
  76  7:03  Marine  
  76  7:04  Supply Depot  
  76  7:05  Supply Depot  
  76  7:06  SCV  
  76  7:08  Marine x2, SCV  
  84  7:10  Marine  
  84  7:11  Marine  
  84  7:12  SCV  
  87  7:16  Marine  
  87  7:20  Marine x2, Armory, SCV  
  87  7:21  Liberator  
  92  7:24  Marine x2, SCV  
  92  7:25  Marine  
  92  7:26  Marine  
  92  7:28  Marine  
  92  7:29  Marine  
  98  7:30  Missile Turret  
  98  7:31  Supply Depot  
  98  7:34  Marine  
  100  7:37  Medivac  
  100  7:38  Marine x2  
  100  7:41  Marine  
  100  7:42  Marine  
  100  7:43  Marine x2  
  110  7:46  Marine  
  110  7:48  Marine  
  110  7:49  SCV  
  110  7:50  Command Center, SCV  
  114  7:52  Marine  
  114  7:56  Marine x2  
  117  7:58  SCV  
  117  7:59  Marine x2  
  117  8:01  Marine  
  117  8:02  SCV  
  117  8:03  Siege Tank, Marine, SCV  
  119  8:12  Medivac  
  119  8:14  Marine x2  
  119  8:16  Marine x3  
  119  8:17  Marine, Refinery, Factory  
  119  8:18  Marine, Refinery  
  128  8:20  Marine, SCV  
  128  8:21  Medivac  
  128  8:23  Marine  
  126  8:28  SCV  
  126  8:32  Terran Infantry Weapons Level 2, Marine x2  
  126  8:34  Marine x3  
  130  8:38  Marine  
  133  8:46  Marine  
  133  8:47  Marine  
  133  8:55  Marine x6, Supply Depot, Medivac  
  141  8:56  Supply Depot  
  141  9:00  Marine  
  141  9:01  Siege Tank, Medivac  
  145  9:03  Marine  
  145  9:05  Marine  
  145  9:06  SCV  
  145  9:09  Terran Vehicle And Ship Armor Level 1  
  145  9:11  Supply Depot  
  145  9:12  SCV, Supply Depot  
  145  9:13  Marine x3  
  149  9:20  Marine  
  142  9:25  Medivac  
  142  9:26  Marine x3  
  142  9:27  Marine  
  142  9:28  Marine, SCV  
  142  9:31  Marine, Medivac  
  144  9:33  Marine  
  144  9:36  Siege Tank  
  150  9:42  Marine  
  150  9:47  SCV  
  150  9:48  SCV x2  
  150  9:50  Terran Infantry Armor Level 2  
  149  9:55  Medivac  
  149  9:57  Missile Turret  
  149  9:59  Missile Turret x2  
  148  10:01  Missile Turret x2, Medivac  
  148  10:02  Missile Turret  
  148  10:05  Missile Turret  
  148  10:06  Missile Turret  
  149  10:11  Marine x5  
  149  10:12  Marine  
  145  10:14  Planetary Fortress  
  145  10:16  Marine  
  145  10:17  Marine  
  141  10:22  Thor  
  141  10:23  Factory Reactor  
  147  10:31  Barracks x2  
  147  10:35  Barracks, Drilling Claws  
  147  10:37  Sensor Tower  
  147  10:39  Marine  
  147  10:40  Marauder  
  150  10:43  Marine  
  150  10:44  Missile Turret, Supply Depot  
  151  10:51  Medivac x2  
  151  10:52  Marine  
  154  11:01  Marauder  
  156  11:05  Widow Mine x2  
  156  11:07  Thor  
  156  11:09  Marine  
  167  11:13  Marine  
  168  11:20  Marine, Medivac  
  168  11:21  Refinery x2, Command Center, Medivac  
  168  11:22  Marauder  
  168  11:23  Barracks Tech Lab x3  
  168  11:25  Concussive Shells  
  175  11:29  Widow Mine x2  
  178  11:37  Marine  
  178  11:38  Marine x3  
  178  11:39  Marine  
  178  11:41  Marauder, Marine  
  178  11:42  Marauder, Marine  
  178  11:43  Marine  
  178  11:44  Marauder  
  176  11:48  Marine  
  162  11:54  Marine  
  162  11:56  Marine x3, Widow Mine x2  
  162  11:58  Orbital Command  
  167  12:03  Supply Depot x2  
  158  12:12  Marine x3  
  158  12:13  Marine x2, Marauder x2  
  158  12:15  Marine, Marauder  
  141  12:17  Marine  
  141  12:18  SCV x2  
  141  12:21  Widow Mine x2  
  139  12:23  SCV  
  139  12:24  Widow Mine  
  139  12:25  SCV  
  143  12:30  SCV x2  
  143  12:35  SCV  
  143  12:36  Marine  
  149  12:37  Marauder, SCV  
  149  12:39  Missile Turret  
  149  12:42  Widow Mine x2, SCV x2  
  156  12:46  Terran Infantry Weapons Level 3  
  156  12:57  Supply Depot  
  156  12:58  Supply Depot x2  
  156  13:01  Marine  
  156  13:02  Marine, SCV  
  156  13:03  Marauder, Widow Mine  
  156  13:04  Marauder  
  156  13:18  Marine, Medivac  
  156  13:19  Marauder, Widow Mine, Medivac  
  165  13:20  Marine  
  165  13:22  Supply Depot  
  165  13:23  Sensor Tower  
  165  13:24  Supply Depot  
  164  13:30  Terran Infantry Armor Level 3  
  164  13:32  Marine  
  165  13:36  Marine  
  165  13:40  Marine x2  
  166  13:43  Marine x2  
  166  13:44  Marine x3, Supply Depot  
  166  13:45  Marine  
  166  13:46  Marine x2  
  174  13:48  Medivac  
  174  13:49  Medivac  
  174  13:50  Marine  
  174  13:53  Thor  
  174  13:54  Marine  
  186  13:58  Marine x2  
  186  14:01  Marine  
  186  14:02  Marine x2  
  184  14:03  Marine x3  
  184  14:08  Marine  
  153  14:12  Marine  
  153  14:14  Widow Mine x2  
  141  14:18  Medivac  
  141  14:19  Medivac  
  141  14:20  Marine, Command Center  
  141  14:23  Missile Turret  
  140  14:29  Marauder  
  140  14:30  Marauder x2  
  140  14:31  Marine  
  147  14:34  Marine  
  147  14:35  Marauder  
  149  14:39  Marine  
  149  14:42  Marine  
  149  14:44  Marine  
  151  14:47  Widow Mine  
  151  14:48  Marine x3, Medivac  
  151  14:49  Marine  
  151  14:50  Marine x2  
  151  14:51  Marauder, Medivac  
  161  14:55  SCV x2  
  161  14:59  Widow Mine x2, SCV  
  166  15:07  Marauder, Marine  
  166  15:11  Marauder, Marine  
  156  15:15  Marine  
  156  15:16  Marine  
  156  15:17  Marine  
  156  15:18  Medivac  
  143  15:21  Medivac  
  143  15:22  Marine  
  143  15:23  Marine  
  143  15:27  Marine x2  
  143  15:28  Marine x3  
  123  15:29  Marine  
  123  15:32  Marine  
  123  15:33  Marine  
  123  15:34  Marine x2  
  129  15:40  Marine x2  
  128  15:45  Marine x4  
  128  15:46  Marine x2  
  128  15:48  Thor, Medivac  
  142  15:50  Marine  
  142  15:51  Marine, SCV x3, Medivac  
  142  15:52  Marine  
  142  15:53  Missile Turret  
  150  15:58  SCV  
  150  15:59  Marine  
  150  16:00  Marine x2  
  150  16:03  Marine  
  150  16:04  Marauder  
  157  16:06  Sensor Tower  
  157  16:09  Widow Mine  
  159  16:12  Planetary Fortress  
  159  16:15  Marauder  
  159  16:16  Widow Mine  
  163  16:21  Marauder x2, Marine  
  163  16:22  Marine  
  169  16:26  Marine x5  
  169  16:27  Marine x2  
  169  16:31  Thor  
  182  16:34  Widow Mine  
  182  16:35  Liberator  
  182  16:36  Marine  
  182  16:38  Widow Mine  
  182  16:39  Marine  
  187  16:40  Marine  
  187  16:42  Marine  
  187  16:44  Command Center  
  189  16:51  Missile Turret x2  
  192  17:01  Refinery  
  192  17:02  Refinery  
  192  17:06  Marine  
  192  17:07  Marauder  
  195  17:11  Marauder x2, Marine  
  195  17:14  Liberator  
  200  17:25  Liberator  
  200  17:27  Marine x2  
  194  17:33  SCV x4  
  194  17:36  Ghost Academy  
  194  17:45  SCV  
  194  17:47  Widow Mine, SCV  
  194  17:50  Marauder  
  200  17:54  Marine  
  200  17:55  Supply Depot  
  198  17:58  Liberator  
  198  18:08  Marauder  
  192  18:18  Marine  
  192  18:19  Marauder  
  197  18:23  Liberator  
  197  18:24  Marine  
  197  18:26  Marine, Starport  
  160  18:27  Marine  
  160  18:28  Marine x2, Starport, Fusion Core  
  160  18:32  Marine  
  159  18:36  Marine  
  159  18:41  Ghost  
  159  18:42  Marine x2, Ghost x3  
  159  18:44  Liberator  
  159  18:46  Widow Mine x2  
  165  18:52  SCV x4  
  166  19:00  Marine  
  172  19:03  Hellbat  
  172  19:04  Marine, SCV x3  
  172  19:09  Widow Mine x2  
  180  19:19  Missile Turret  
  180  19:20  Missile Turret  
  180  19:22  Missile Turret  
  180  19:23  Thor  
  182  19:24  Marine x4  
  182  19:25  Marine  
  180  19:32  Missile Turret  
  180  19:34  Missile Turret  
  180  19:37  Marauder x2, Marine x2  
  185  19:39  Marine  
  185  19:40  Marine, SCV  
  185  19:42  Marauder  
  186  19:50  Marine  
  186  19:51  Marine  
  186  19:52  Marine  
Show
View Real Time Build Order
Export as new Build Order

Zanster Zerg - Winner!

Build Orders: Hatch First, Muta Ling Bane 

Get SALT Encoding   

  12  0:00  Drone  
  13  0:13  Overlord  
  13  0:16  Drone  
  14  0:31  Drone x2  
  16  0:48  Hatchery  
  15  0:50  Drone  
  15  0:54  Drone  
  17  0:58  Drone  
  18  1:08  Extractor  
  17  1:13  Spawning Pool  
  17  1:15  Drone  
  17  1:19  Drone  
  18  1:29  Drone  
  19  1:39  Drone  
  20  1:50  Drone  
  21  2:00  Queen x2  
  25  2:03  Zergling x4  
  27  2:15  Hatchery  
  26  2:20  Overlord  
  26  2:21  Drone  
  27  2:23  Drone  
  28  2:38  Drone x3  
  28  2:41  Queen  
  28  2:42  Drone  
  34  2:44  Drone  
  35  2:53  Drone  
  35  2:57  Overlord  
  36  3:05  Lair  
  36  3:14  Overlord  
  36  3:15  Drone x5  
  41  3:23  Roach Warren  
  41  3:24  Drone  
  42  3:27  Drone  
  42  3:32  Zergling x2  
  43  3:34  Zergling x2  
  43  3:35  Queen  
  43  3:41  Drone x2  
  48  3:43  Overlord  
  48  3:46  Drone x3  
  51  3:51  Drone x2  
  51  3:52  Drone  
  51  3:54  Drone  
  55  3:57  Drone  
  55  3:58  Drone  
  55  4:00  Drone  
  58  4:03  Extractor  
  58  4:04  Extractor  
  58  4:06  Glial Reconstitution  
  58  4:07  Overseer  
  58  4:09  Overlord  
  56  4:13  Extractor  
  55  4:19  Drone x4  
  55  4:20  Overlord  
  55  4:23  Drone  
  60  4:27  Drone x2  
  60  4:28  Spore Crawler  
  60  4:30  Drone  
  62  4:33  Roach x2  
  66  4:38  Roach  
  66  4:40  Overlord  
  66  4:43  Roach  
  68  4:48  Roach  
  68  4:51  Roach  
  69  4:53  Drone x6  
  69  4:59  Drone, Spore Crawler  
  72  5:00  Spore Crawler  
  72  5:04  Overseer  
  67  5:11  Drone x5  
  67  5:13  Drone  
  68  5:15  Drone  
  67  5:23  Drone  
  67  5:25  Drone  
  67  5:26  Drone  
  70  5:31  Drone, Spore Crawler  
  70  5:32  Drone x2  
  70  5:33  Drone  
  73  5:36  Drone  
  73  5:38  Evolution Chamber  
  73  5:40  Drone  
  74  5:42  Evolution Chamber  
  74  5:45  Drone  
  74  5:47  Drone  
  75  5:50  Drone  
  75  5:54  Drone  
  75  5:58  Drone  
  75  6:02  Drone  
  77  6:04  Drone  
  77  6:06  Drone x2  
  77  6:07  Drone  
  77  6:10  Zerg Melee Weapons Level 1  
  77  6:11  Metabolic Boost, Zerg Ground Armor Level 1  
  75  6:14  Overlord  
  71  6:27  Drone x6  
  71  6:29  Extractor  
  71  6:31  Drone x3, Hatchery  
  76  6:33  Drone  
  76  6:34  Hatchery  
  76  6:39  Queen  
  78  6:45  Drone x2  
  80  6:48  Drone  
  80  6:49  Hatchery, Extractor  
  80  6:52  Zergling x14  
  86  7:01  Zergling x8, Baneling Nest  
  89  7:04  Overlord  
  89  7:08  Zergling x4  
  91  7:13  Drone x2  
  91  7:15  Overlord  
  93  7:19  Zergling x10  
  98  7:23  Overlord  
  98  7:28  Overlord  
  98  7:29  Overlord x2  
  97  7:34  Spire  
  96  7:39  Zergling x2  
  96  7:40  Zergling x16  
  105  7:45  Centrifical Hooks  
  105  7:46  Baneling x6  
  103  7:54  Overlord  
  103  7:55  Drone x8  
  103  7:56  Drone  
  103  7:58  Drone  
  111  8:04  Zergling x10  
  113  8:10  Drone x8  
  113  8:11  Drone  
  118  8:23  Zerg Ground Armor Level 2, Zerg Melee Weapons Level 2  
  114  8:44  Zergling x48  
  135  8:53  Overlord, Spore Crawler  
  133  9:00  Mutalisk x6  
  143  9:04  Mutalisk x2  
  143  9:09  Mutalisk x2  
  143  9:16  Baneling x6  
  143  9:18  Baneling  
  130  9:27  Zergling x22  
  130  9:28  Zergling x2  
  120  9:35  Zergling x14  
  123  9:47  Zergling x4, Hatchery  
  123  9:48  Zergling x2  
  125  9:56  Zergling x2  
  125  9:57  Zergling x14  
  133  10:02  Zergling x8  
  130  10:17  Mutalisk x6  
  140  10:35  Zergling x18  
  148  10:36  Hatchery  
  148  10:38  Baneling x5  
  148  10:39  Baneling  
  148  10:48  Zergling x14  
  155  10:52  Zergling x6  
  155  10:54  Overlord  
  151  11:02  Drone x5  
  148  11:04  Infestation Pit  
  148  11:09  Drone x6  
  153  11:13  Baneling x6  
  153  11:19  Mutalisk x3  
  159  11:26  Zergling x12  
  159  11:27  Zergling x4  
  153  11:49  Baneling x13  
  153  11:53  Zergling x32  
  168  11:56  Overlord  
  168  11:59  Overlord  
  157  12:09  Zergling x16  
  148  12:16  Mutalisk  
  148  12:17  Mutalisk x3  
  151  12:34  Hive  
  151  12:38  Hatchery  
  151  12:41  Mutalisk  
  151  12:42  Mutalisk x7  
  166  12:49  Baneling  
  166  12:50  Baneling x15  
  166  12:56  Zergling x2  
  166  12:57  Zergling x12  
  173  13:03  Zergling x14  
  173  13:04  Zergling x2  
  166  13:07  Pneumatized Carapace  
  165  13:17  Zergling x8  
  169  13:22  Overlord  
  169  13:23  Hatchery  
  168  13:27  Zergling x16  
  175  13:45  Zergling x26  
  186  13:55  Baneling x5  
  185  13:56  Baneling x5  
  175  14:03  Hatchery  
  152  14:12  Zergling x22  
  158  14:26  Hatchery, Zerg Melee Weapons Level 3  
  158  14:27  Zerg Ground Armor Level 3  
  157  14:38  Zergling x16  
  165  14:39  Overseer  
  163  14:59  Zergling x18  
  172  15:00  Adrenal Glands  
  172  15:09  Baneling x11  
  156  15:16  Zergling x12  
  147  15:26  Zergling x14  
  144  15:32  Drone x2  
  146  15:36  Drone x2  
  146  15:37  Drone  
  146  15:38  Drone  
  146  15:40  Drone  
  146  15:42  Drone  
  152  15:43  Drone  
  152  15:48  Hatchery  
  152  15:54  Drone x4  
  152  15:57  Ultralisk Cavern  
  155  16:11  Zergling x30  
  167  16:12  Baneling  
  167  16:13  Baneling x3  
  170  16:24  Zergling x12  
  176  16:26  Zergling x2  
  176  16:29  Overlord  
  176  16:34  Pathogen Glands  
  176  16:43  Chitinous Plating, Zerg Flyer Armor Level 1  
  176  16:46  Ultralisk x3  
  194  16:55  Extractor  
  194  16:56  Ultralisk  
  199  17:16  Baneling  
  199  17:17  Baneling x10  
  198  17:29  Burrow  
  184  17:30  Zergling x6, Ultralisk x2  
  184  17:31  Zergling x2  
  187  17:38  Drone x13  
  199  17:51  Nydus Network  
  199  17:57  Spore Crawler  
  188  18:13  Zergling x16  
  188  18:14  Zergling x10  
  188  18:17  Baneling x7  
  198  18:26  Ultralisk  
  198  18:27  Zergling x8, Ultralisk x3  
  199  18:28  Zergling x4  
  196  18:34  Zergling x8  
  193  18:48  Overseer  
  193  18:52  Zergling x12  
  199  18:59  Overseer  
  199  19:01  Baneling x7  
  199  19:02  Baneling x4  
  199  19:07  Extractor  
  199  19:09  Extractor x2  
  196  19:12  Baneling x15  
  196  19:15  Zergling x6  
  199  19:20  Spore Crawler  
  197  19:33  Zergling x4  
Tags
 
Add a new tag
Caveats
  • Supply blocks, unpowered buildings, or Contaminate may cause inaccurate times.
  • Supply counts are checked every 10 seconds.